 Dungeon Crawl Stone Soup version 0.29.1-2-gbd0b4ee654 (webtiles) character file.

Game seed: 5892808144294141425

59 JacoesBerries the Conjurer (level 3, -2/19 HPs)
             Began as a Deep Elf Conjurer on Oct 12, 2022.
             Killed from afar by Natasha (10 damage)
             ... with a magic dart
             ... on level 2 of the Dungeon on Nov 9, 2022.
             The game lasted 00:03:36 (1717 turns).

JacoesBerries the Conjurer (Deep Elf Conjurer)      Turns: 1717, Time: 00:03:36

Health: -2/19      AC:  2    Str:  4    XL:     3   Next: 78%
Magic:  5/10       EV: 12    Int: 24    God:
Gold:   35         SH:  0    Dex: 13    Spells: 7/10 levels left

rFire   . . .      SeeInvis .   l - +0 dagger
rCold   . . .      Faith    .   (no shield)
rNeg    . . .      Spirit   .   a - +0 robe
rPois   .          Reflect  .   (no helmet)
rElec   .          Harm     .   (no cloak)
rCorr   .          Rampage  .   (no gloves)
Will    .....                   (no boots)
Stlth   ++........              (no amulet)
HPRegen 0.06/turn               (no ring)
MPRegen 0.12/turn               (no ring)

@: slowed, very slow
A: no striking features
a: no special abilities


You were on level 2 of the Dungeon.
You visited 1 branch of the dungeon, and saw 2 of its levels.

You collected 116 gold pieces.
You spent 81 gold pieces at shops.

Inventory:

Hand Weapons
 l - a +0 dagger (weapon)
 q - a +2 dagger of draining
 r - a +1 antimagic dagger
Missiles
 m - 4 poisoned darts
Armour
 a - a +0 robe (worn)
Scrolls
 c - a scroll of identify
 e - a scroll of silence {unknown}
 g - a scroll of vulnerability {unknown}
 h - 2 scrolls of teleportation
 k - a scroll of fog {unknown}
 n - 2 scrolls of torment
Potions
 b - 2 potions of magic
 d - 2 potions of curing
 f - 2 potions of flight {unknown}
 i - a potion of degeneration {unknown}
 j - a potion of lignification
 o - a potion of heal wounds {unknown}
 p - a potion of haste {unknown}


   Skills:
 + Level 2.5 Dodging
 + Level 2.8 Stealth
 + Level 4.0 Spellcasting
 + Level 5.3 Conjurations


You had 7 spell levels left.
You knew the following spells:

 Your Spells              Type           Power      Damage    Failure   Level
a - Magic Dart            Conj           100%       1d8       1%          1
b - Searing Ray           Conj           60%        2d6       1%          2

Your spell library contained the following spells:

 Spells                   Type           Power      Damage    Failure   Level
 Dazzling Flash           Conj/Hex       34%        N/A       10%         3
 Frozen Ramparts          Ice            8%         1d2       28%         3
 Fulminant Prism          Conj/Hex       8%         3d7       32%         4
 Iskenderun's Mystic Bla  Conj/Tloc      17%        2d5       32%         4
 Ice Form                 Ice/Tmut       4%         N/A       67%         4
 Summon Ice Beast         Ice/Summ       4%         N/A       67%         4


Dungeon Overview and Level Annotations

Branches:
Dungeon (2/15)

Altars:

Shops:
D:2 *

Annotations:
D:2 Natasha


Message History

You climb downwards.
The goblin shoots a sling bullet.
The sling bullet hits you. The goblin closely misses you.
The goblin shoots a sling bullet.
The sling bullet barely misses you.
You hear a shout!
There is a stone staircase leading up here.
Casting: Searing Ray (safe; 1% risk of failure)
Confirm with . or Enter, or press ? or * to list all spells.
Aiming: Searing Ray (safe; 1% risk of failure)
Press: ? - help, Shift-Dir - straight line, f - goblin
Aim: a goblin, wielding a +1 antimagic dagger (74% to hit)
The searing ray hits the goblin!
You kill the goblin! (Press . to maintain the ray.)
The goblin shoots a sling bullet.
The sling bullet barely misses you.
You now have 35 gold pieces (gained 16).
Things that are here:
a +1 antimagic dagger; a goblin corpse
r - a +1 antimagic dagger The goblin shoots a sling bullet.
The sling bullet hits you.
You hear an angry hiss.
The goblin shoots a sling bullet.
The sling bullet hits you.
Casting: Searing Ray (safe; 1% risk of failure)
Confirm with . or Enter, or press ? or * to list all spells.
Aiming: Searing Ray (safe; 1% risk of failure)
Press: ? - help, Shift-Dir - straight line, f - goblin
Aim: a goblin, wielding a +0 sling (74% to hit)
The searing ray misses the goblin. (Press . to maintain the ray.) Natasha, Servant of Life and Death comes into view.
The searing ray hits the goblin.
The goblin is heavily wounded.
The goblin shoots a sling bullet.
The sling bullet hits you.
The searing ray hits the goblin!
You kill the goblin!
Natasha stares at you and mumbles some strange words.
You feel yourself slow down. Natasha casts a spell at you.
The magic dart hits you!
Ouch! That really hurt!
You die...

#.......# #......
##.......# #......
#...###### #...###
#...# #...#
#...############...#
#..................#
###.....############
####.##.# #...†@#.#
#.###.#.# #
#...#+####
#........#
#..).....#
##.......#
#.......####
#..h.........
#...)#####$##


You could see Natasha.

Vanquished Creatures
  Natasha (D:2)
  A worm (D:2)
  A dart slug (D:1)
  3 ball pythons
  4 bats
  3 endoplasms
  A quokka (D:1)
  4 frilled lizards (D:1)
  7 goblins (D:2)
  2 kobolds
  3 rats (D:1)
30 creatures vanquished.

Notes
Turn   | Place    | Note
-------+----------+-------------------------------------------
     0 | D:1      | JacoesBerries the Deep Elf Conjurer began the quest for the
                  | Orb.
     0 | D:1      | Reached XP level 1. HP: 10/10 MP: 6/6
   314 | D:1      | Upgraded the game from 0.29.1-1-gd02db6906a to
                  | 0.29.1-2-gbd0b4ee654
   347 | D:1      | Reached XP level 2. HP: 15/15 MP: 5/8
   435 | D:1      | Learned a level 2 spell: Searing Ray
   480 | D:1      | Found a faded altar of an unknown god.
   972 | D:2      | Reached skill level 5 in Conjurations
  1285 | D:2      | Noticed Natasha
  1292 | D:2      | Killed Natasha
  1293 | D:2      | Reached XP level 3. HP: 15/19 MP: 1/10
  1376 | D:2      | Found Ronkepp's Assorted Antiques.
  1380 | D:2      | Bought a scroll labelled WAOCZUOSESH for 27 gold pieces
  1380 | D:2      | Bought a scroll labelled KOXAOC QYINK for 27 gold pieces
  1380 | D:2      | Bought a scroll labelled KOXAOC QYINK for 27 gold pieces
  1714 | D:2      | Noticed Natasha
  1717 | D:2      | Killed from afar by Natasha

Illustrated notes

Levels and vault maps discovered:
D:1:      dpeg_arrival_more_subterranean_lakeside_camping, layout_loops_cross,
          shapermc_ecumenical_altar_totnotflames,
          wander_ebering_terrifying_dragon_lair
D:2:      layout_basic, serial_shops, nicolae_shop_hallway_stairs,
          minmay_octomino_e4, uniq_natasha, uniq_robin

Skill      XL: |  1  2  3 |
---------------+----------+-----
Conjurations   | 5 |  5.3
Spellcasting   | 4 |  4.0
Dodging        | |  2.5
Stealth        | |  2.8

Action                   || total
-------------------------++-------
Melee: Dagger            ||     3
 Cast: Magic Dart        ||    39
       Searing Ray       ||     7
  Use: Scroll            ||     4
 Stab: Sleeping          ||     1
Armor: Robe              ||     1
Dodge: Dodged            ||    10
